| TOP OF THE 1ST |
|
Clinton Pilots batting - Pitching for Wisconsin Rapids Timber Rattlers : RHP Ted Kromy
|
|
Pitching: RHP Ted Kromy
|
|
|
Batting: RHB Danny Chairez
|
0-0: Called Strike 0-1: Swinging Strike 0-2: Ball 1-2: Ball 2-2: Ball 3-2: DOUBLE (Flyball, 89XD, EV 103.1 MPH)
|
|
Batting: RHB Tom Riley
|
0-0: Ball 1-0: Ball 2-0: Ground out 6-3 (Groundball, 56, EV 97.5 MPH)
|
|
Batting: SHB Alan Regier
|
0-0: Ball 1-0: Called Strike 1-1: Swinging Strike 1-2: Foul Ball, location: 2F 1-2: Ball 2-2: Ball 3-2: Fly out, F8 (Flyball, 8RD, EV 96.3 MPH)
|
|
Batting: RHB Abe Rael
|
0-0: Fly out, F8 (Flyball, 8LS, EV 92.5 MPH)
|
| Top of the 1st over - 0 runs, 1 hit, 0 errors, 1 left on base; Clinton 0 - Wisconsin Rapids 0 |
| BOTTOM OF THE 1ST |
|
Wisconsin Rapids Timber Rattlers batting - Pitching for Clinton Pilots : RHP Richard Patterson
|
|
Pitching: RHP Richard Patterson
|
|
|
Batting: RHB Tim Pyznarski
|
0-0: Ball 1-0: Ground out U3 (Groundball, 34S, EV 88.8 MPH)
|
|
Batting: RHB Jim Presley
|
0-0: Ball 1-0: Called Strike 1-1: Ball 2-1: Called Strike 2-2: SINGLE (Flyball, 89S, EV 89.4 MPH)
|
|
Batting: LHB Dion James
|
0-0: Ball Jim Presley steals 2nd, throwing error, E2 Jim Presley to third 1-0: Foul Ball, location: 2F 1-1: Called Strike 1-2: Ground out U3 (Groundball, 3, EV 100.0 MPH)
|
|
Batting: LHB Greg Smith
|
0-0: Ball 1-0: Ball 2-0: Fly out, F7 (Flyball, 7S, EV 85.6 MPH)
|
| Bottom of the 1st over - 0 runs, 1 hit, 1 error, 1 left on base; Clinton 0 - Wisconsin Rapids 0 |
| TOP OF THE 2ND |
|
Clinton Pilots batting - Pitching for Wisconsin Rapids Timber Rattlers : RHP Ted Kromy
|
|
Batting: RHB Joseph Rietano
|
0-0: Ground out 4-3 (Groundball, 4, EV 106.9 MPH)
|
|
Batting: RHB Alberto Reyes
|
0-0: Swinging Strike 0-1: Ball 1-1: Foul Ball, location: 2F 1-2: Ball 2-2: Strikes out swinging
|
|
Batting: RHB Barry Siebert
|
0-0: Called Strike 0-1: Fly out, F7 (Line Drive, 7, EV 97.5 MPH)
|
| Top of the 2nd over - 0 runs, 0 hits, 0 errors, 0 left on base; Clinton 0 - Wisconsin Rapids 0 |
| BOTTOM OF THE 2ND |
|
Wisconsin Rapids Timber Rattlers batting - Pitching for Clinton Pilots : RHP Richard Patterson
|
|
Batting: LHB Matt Hall
|
0-0: Foul Ball, location: 2F 0-1: Called Strike 0-2: Ball 1-2: Ground out 5-3 (Groundball, 5L, EV 90.6 MPH)
|
|
Batting: RHB Darryl Motley
|
0-0: Ball 1-0: Ball 2-0: Called Strike 2-1: Called Strike 2-2: Foul Ball, location: 2F 2-2: Foul Ball, location: 2F 2-2: Ball 3-2: Base on Balls
|
|
Batting: RHB Al Pedrique
|
0-0: Ball 1-0: Ball 2-0: Ball 3-0: Base on Balls Darryl Motley to second
|
|
Batting: SHB Jose Uribe
|
0-0: Ball Darryl Motley steals 3rd base Al Pedrique to second 1-0: Called Strike 1-1: Swinging Strike 1-2: Strikes out swinging
|
|
Batting: RHB David Peterson
|
0-0: Ball 1-0: Foul Ball, location: 2F 1-1: Foul Ball, location: 2F 1-2: Ball 2-2: Foul Ball, location: 2F 2-2: Ball 3-2: Strikes out looking
|
| Bottom of the 2nd over - 0 runs, 0 hits, 0 errors, 2 left on base; Clinton 0 - Wisconsin Rapids 0 |
| TOP OF THE 3RD |
|
Clinton Pilots batting - Pitching for Wisconsin Rapids Timber Rattlers : RHP Ted Kromy
|
|
Batting: LHB Epifano Martinez
|
0-0: Ball 1-0: Ground out 6-3 (Groundball, 6M, EV 87.5 MPH)
|
|
Batting: RHB Donn Koch
|
0-0: Foul Ball, location: 2F 0-1: Foul Ball, location: 2F 0-2: Strikes out swinging
|
|
Batting: RHB Danny Chairez
|
0-0: Ball 1-0: Called Strike 1-1: Foul Ball, location: 2F 1-2: DOUBLE (Line Drive, 3D, EV 96.9 MPH) - OUT at third base trying to stretch hit.
|
| Top of the 3rd over - 0 runs, 1 hit, 0 errors, 0 left on base; Clinton 0 - Wisconsin Rapids 0 |
| BOTTOM OF THE 3RD |
|
Wisconsin Rapids Timber Rattlers batting - Pitching for Clinton Pilots : RHP Richard Patterson
|
|
Batting: RHB Tim Pyznarski
|
0-0: Called Strike 0-1: Ball 1-1: Foul Ball, location: 2F 1-2: Ball 2-2: Ball 3-2: Base on Balls
|
|
Batting: RHB Jim Presley
|
0-0: Ball 1-0: Fly out, F9 (Flyball, 9LD, EV 102.5 MPH)
|
|
Batting: LHB Dion James
|
0-0: Ball 1-0: Fly out, F4 (Popup, 4M, EV 58.8 MPH)
|
|
Batting: LHB Greg Smith
|
0-0: Ball 1-0: Ball 2-0: Called Strike 2-1: Ball 3-1: Base on Balls Tim Pyznarski to second
|
|
Batting: LHB Matt Hall
|
0-0: Fly out, F8 (Line Drive, 8LM, EV 91.3 MPH)
|
| Bottom of the 3rd over - 0 runs, 0 hits, 0 errors, 2 left on base; Clinton 0 - Wisconsin Rapids 0 |
| TOP OF THE 4TH |
|
Clinton Pilots batting - Pitching for Wisconsin Rapids Timber Rattlers : RHP Ted Kromy
|
|
Batting: RHB Tom Riley
|
0-0: SINGLE (Groundball, 6MD, EV 99.4 MPH)
|
|
Batting: SHB Alan Regier
|
0-0: Ball 1-0: Foul Ball, location: 2F 1-1: Ball 2-1: Foul Ball, location: 2F 2-2: Foul Ball, location: 2F 2-2: SINGLE (Line Drive, 3, EV 68.1 MPH) (infield hit) Tom Riley to second
|
|
Batting: RHB Abe Rael
|
0-0: Called Strike 0-1: Called Strike 0-2: Ball 1-2: Ball 2-2: Foul Ball, location: 2F 2-2: Fly out, F7 (Line Drive, 7, EV 86.9 MPH)
|
|
Batting: RHB Joseph Rietano
|
0-0: Ball 1-0: Grounds into double play, 5-4-3 (Groundball, 56, EV 100.6 MPH)
|
| Top of the 4th over - 0 runs, 2 hits, 0 errors, 1 left on base; Clinton 0 - Wisconsin Rapids 0 |
| BOTTOM OF THE 4TH |
|
Wisconsin Rapids Timber Rattlers batting - Pitching for Clinton Pilots : RHP Richard Patterson
|
|
Batting: RHB Darryl Motley
|
0-0: TRIPLE (Line Drive, 9LD, EV 112.5 MPH)
|
|
Batting: RHB Al Pedrique
|
0-0: Swinging Strike 0-1: Ball 1-1: Ground out 3-1 (Groundball, 34, EV 101.9 MPH) Darryl Motley scores
|
|
Batting: SHB Jose Uribe
|
0-0: Fly out, F7 (Flyball, 78D, EV 91.9 MPH)
|
|
Batting: RHB David Peterson
|
0-0: Called Strike 0-1: Ball 1-1: Fly out, F7 (Line Drive, 7, EV 84.4 MPH)
|
| Bottom of the 4th over - 1 run, 1 hit, 0 errors, 0 left on base; Clinton 0 - Wisconsin Rapids 1 |
| TOP OF THE 5TH |
|
Clinton Pilots batting - Pitching for Wisconsin Rapids Timber Rattlers : RHP Ted Kromy
|
|
Batting: RHB Alberto Reyes
|
0-0: Ball 1-0: Ball 2-0: Called Strike 2-1: Ball 3-1: Called Strike 3-2: Fly out, F9 (Flyball, 89M, EV 72.5 MPH)
|
|
Batting: RHB Barry Siebert
|
0-0: Foul Ball, location: 2F 0-1: Ball 1-1: Swinging Strike 1-2: Ball 2-2: Foul Ball, location: 2F 2-2: Ground out 5-3 (Groundball, 56, EV 81.3 MPH)
|
|
Batting: LHB Epifano Martinez
|
0-0: Fly out, F4 (Popup, 34, EV 60.0 MPH)
|
| Top of the 5th over - 0 runs, 0 hits, 0 errors, 0 left on base; Clinton 0 - Wisconsin Rapids 1 |
| BOTTOM OF THE 5TH |
|
Wisconsin Rapids Timber Rattlers batting - Pitching for Clinton Pilots : RHP Richard Patterson
|
|
Batting: RHB Tim Pyznarski
|
0-0: Called Strike 0-1: Ball 1-1: Foul Ball, location: 2F 1-2: Foul Ball, location: 2F 1-2: SINGLE (Groundball, 34S, EV 76.3 MPH) (infield hit)
|
|
Batting: RHB Jim Presley
|
0-0: Ball 1-0: Fly out, F9 (Flyball, 89M, EV 90.6 MPH)
|
|
Batting: LHB Dion James
|
0-0: Called Strike 0-1: Fly out, F4 (Line Drive, 4, EV 64.4 MPH)
|
|
Batting: LHB Greg Smith
|
0-0: Foul Ball, location: 2F 0-1: Ball 1-1: Ball 2-1: Fly out, F7 (Flyball, 7D, EV 96.3 MPH)
|
| Bottom of the 5th over - 0 runs, 1 hit, 0 errors, 1 left on base; Clinton 0 - Wisconsin Rapids 1 |
| TOP OF THE 6TH |
|
Clinton Pilots batting - Pitching for Wisconsin Rapids Timber Rattlers : RHP Ted Kromy
|
|
Batting: RHB Donn Koch
|
0-0: Fly out, F8 (Line Drive, 8LD, EV 93.8 MPH)
|
|
Batting: RHB Danny Chairez
|
0-0: Foul Ball, location: 2F 0-1: Ball 1-1: Ground out 5-3 (Groundball, 56, EV 100.0 MPH)
|
|
Batting: RHB Tom Riley
|
0-0: Ball 1-0: Called Strike 1-1: Ground out 4-3 (Groundball, 34, EV 82.5 MPH)
|
| Top of the 6th over - 0 runs, 0 hits, 0 errors, 0 left on base; Clinton 0 - Wisconsin Rapids 1 |
| BOTTOM OF THE 6TH |
|
Wisconsin Rapids Timber Rattlers batting - Pitching for Clinton Pilots : RHP Richard Patterson
|
|
Batting: LHB Matt Hall
|
0-0: Called Strike 0-1: Foul Ball, location: 2F 0-2: Ball 1-2: Foul Ball, location: 2F 1-2: Strikes out looking
|
|
Batting: RHB Darryl Motley
|
0-0: Foul Ball, location: 2F 0-1: Fly out, F8 (Flyball, 8LXD, EV 108.8 MPH)
|
|
Batting: RHB Al Pedrique
|
0-0: Called Strike 0-1: Fly out, F9 (Flyball, 89D, EV 87.5 MPH)
|
| Bottom of the 6th over - 0 runs, 0 hits, 0 errors, 0 left on base; Clinton 0 - Wisconsin Rapids 1 |
| TOP OF THE 7TH |
|
Clinton Pilots batting - Pitching for Wisconsin Rapids Timber Rattlers : RHP Ted Kromy
|
|
Batting: SHB Alan Regier
|
0-0: Called Strike 0-1: Fly out, F9 (Flyball, 9, EV 91.9 MPH)
|
|
Batting: RHB Abe Rael
|
0-0: Ball 1-0: Foul Ball, location: 2F 1-1: Foul Ball, location: 2F 1-2: Ball 2-2: Strikes out looking
|
|
Batting: RHB Joseph Rietano
|
0-0: Foul Ball, location: 2F 0-1: DOUBLE (Flyball, 78D, EV 88.1 MPH)
|
|
Batting: RHB Alberto Reyes
|
0-0: Called Strike 0-1: Called Strike 0-2: Strikes out looking
|
| Top of the 7th over - 0 runs, 1 hit, 0 errors, 1 left on base; Clinton 0 - Wisconsin Rapids 1 |
| BOTTOM OF THE 7TH |
|
Wisconsin Rapids Timber Rattlers batting - Pitching for Clinton Pilots : RHP Richard Patterson
|
|
Batting: SHB Jose Uribe
|
0-0: Swinging Strike 0-1: Called Strike 0-2: Ball 1-2: Strikes out swinging
|
|
Batting: RHB David Peterson
|
0-0: DOUBLE (Line Drive, 89XD, EV 105.6 MPH)
|
|
Batting: RHB Tim Pyznarski
|
0-0: Ball 1-0: Called Strike 1-1: Ball 2-1: Foul Ball, location: 2F 2-2: Ball 3-2: Strikes out looking
|
|
Batting: RHB Jim Presley
|
0-0: Ground out 6-3 (Groundball, 6, EV 83.8 MPH)
|
| Bottom of the 7th over - 0 runs, 1 hit, 0 errors, 1 left on base; Clinton 0 - Wisconsin Rapids 1 |
| TOP OF THE 8TH |
|
Clinton Pilots batting - Pitching for Wisconsin Rapids Timber Rattlers : RHP Ted Kromy
|
|
Batting: RHB Barry Siebert
|
0-0: Ball 1-0: Fly out, F5 (Popup, 5, EV 81.9 MPH)
|
|
Batting: LHB Epifano Martinez
|
0-0: Ball 1-0: Ball 2-0: Ball 3-0: Called Strike 3-1: Fly out, F8 (Line Drive, 8RD, EV 93.8 MPH)
|
|
Batting: RHB Donn Koch
|
0-0: Ball 1-0: Fly out, F9 (Flyball, 9, EV 87.5 MPH)
|
| Top of the 8th over - 0 runs, 0 hits, 0 errors, 0 left on base; Clinton 0 - Wisconsin Rapids 1 |
| BOTTOM OF THE 8TH |
|
Wisconsin Rapids Timber Rattlers batting - Pitching for Clinton Pilots : RHP Richard Patterson
|
|
Batting: LHB Dion James
|
0-0: Called Strike 0-1: Swinging Strike 0-2: Foul Ball, location: 2F 0-2: DOUBLE (Line Drive, 9LM, EV 90.6 MPH)
|
|
Batting: LHB Greg Smith
|
0-0: Intentional Walk
|
|
Batting: LHB Matt Hall
|
0-0: Ball 1-0: Grounds into double play, 4-6-3 (Groundball, 4, EV 102.5 MPH) Dion James to third
|
|
Batting: RHB Darryl Motley
|
0-0: Ball 1-0: Fly out, F9 (Flyball, 9LM, EV 87.5 MPH)
|
| Bottom of the 8th over - 0 runs, 1 hit, 0 errors, 1 left on base; Clinton 0 - Wisconsin Rapids 1 |
| TOP OF THE 9TH |
|
Clinton Pilots batting - Pitching for Wisconsin Rapids Timber Rattlers : RHP Ted Kromy
|
|
Pinch Hitting: LHB Darryl Stephens
|
0-0: Called Strike 0-1: Ground out 4-3 (Groundball, 34, EV 92.5 MPH)
|
|
Batting: RHB Tom Riley
|
0-0: Swinging Strike 0-1: Foul Ball, location: 2F 0-2: Ground out 5-3 (Groundball, 5, EV 89.4 MPH)
|
|
Batting: SHB Alan Regier
|
0-0: Ball 1-0: Called Strike 1-1: Ball 2-1: Swinging Strike 2-2: Ground out 6-3 (Groundball, 6M, EV 106.3 MPH)
|
| Top of the 9th over - 0 runs, 0 hits, 0 errors, 0 left on base; Clinton 0 - Wisconsin Rapids 1 |
|